SL
BUCKHEAD BOWTIES @ GRAFTON MIDDIES
08/28/2026
 
TOP OF THE 1ST
Buckhead Bowties batting - Pitching for Grafton Middies : RHP Wayne Hurst
Pitching: RHP Wayne Hurst
Batting: LHB Armando Esparza 0-0: Ball
1-0: Ball
2-0: Called Strike
2-1: Ball
3-1: Called Strike
3-2: Foul Ball, location: 2F
3-2: SINGLE (Groundball, 56S) (infield hit)
Batting: LHB Mysterious Walker Pickoff Throw to First - Out!
0-0: Ground out 4-3 (Groundball, 4)
Batting: LHB Tony Martínez 0-0: Called Strike
0-1: Ball
1-1: Called Strike
1-2: Ground out U3 (Groundball, 3)
Top of the 1st over - 0 run(s), 1 hit(s), 0 error(s), 0 left on base; Buckhead 0 - Grafton 0
BOTTOM OF THE 1ST
Grafton Middies batting - Pitching for Buckhead Bowties : RHP Germán Rodríguez
Pitching: RHP Germán Rodríguez
Batting: RHB Pedro Santos 0-0: Ball
1-0: Ball
2-0: Ball
3-0: Called Strike
3-1: Swinging Strike
3-2: SINGLE (Groundball, 6MD)
Batting: RHB Carlos Maldonado 0-0: Called Strike
Throwing error on steal attempt, E2
Pedro Santos to third
0-1: Ball
1-1: Foul Ball, location: 2F
1-2: Ball
Passed Ball!
Pedro Santos scores
2-2: SINGLE (Line Drive, 56)
Batting: LHB Mario Ramos 0-0: Called Strike
0-1: Ball
1-1: Fly out, F9 (Flyball, 89M)
Batting: RHB Dave Ash 0-0: Called Strike
0-1: Ball
1-1: Ball
2-1: Called Strike
2-2: Foul Ball, location: 2F
2-2: Strikes out swinging
Batting: LHB Ramón Rivera 0-0: Ball
1-0: Swinging Strike
1-1: Ball
2-1: Ball
3-1: Foul Ball, location: 2F
3-2: Base on Balls
Carlos Maldonado to second
Batting: RHB Stefano Gaddi 0-0: Foul Ball, location: 2F
0-1: Foul Ball, location: 2F
0-2: Ground out U3 (Groundball, 23)
Bottom of the 1st over - 1 run(s), 2 hit(s), 1 error(s), 2 left on base; Buckhead 0 - Grafton 1
TOP OF THE 2ND
Buckhead Bowties batting - Pitching for Grafton Middies : RHP Wayne Hurst
Batting: LHB Qi-zhen Loong 0-0: SINGLE (Line Drive, 8LS)
Batting: LHB Manuel Carmona 0-0: Ball
1-0: Called Strike
1-1: TRIPLE (Flyball, 9LD)
Qi-zhen Loong scores
Batting: RHB Gabriel Rodríguez 0-0: Ball
1-0: Ball
2-0: Called Strike
2-1: Foul Ball, location: 2F
2-2: Strikes out looking
Batting: RHB Albert Morales 0-0: Called Strike
0-1: Called Strike
0-2: Ball
1-2: Foul Ball, location: 2F
1-2: SINGLE (Flyball, 8LS)
Manuel Carmona scores
Batting: RHB Raúl Ruíz 0-0: Called Strike
0-1: Ball
1-1: Ball
2-1: Swinging Strike
2-2: Foul Ball, location: 2F
2-2: Strikes out swinging
Batting: RHB Dave King 0-0: Ball
1-0: Fly out, F8 (Flyball, 8LD)
Top of the 2nd over - 2 run(s), 3 hit(s), 0 error(s), 1 left on base; Buckhead 2 - Grafton 1
BOTTOM OF THE 2ND
Grafton Middies batting - Pitching for Buckhead Bowties : RHP Germán Rodríguez
Batting: RHB Jarred Morgan 0-0: Foul Ball, location: 2F
0-1: Ground out 6-3 (Groundball, 6)
Batting: RHB Ramón Gómez 0-0: Ball
1-0: Fly out, F8 (Flyball, 8RM)
Batting: SHB Jorge Colomo 0-0: SINGLE (Groundball, 4MD)
Batting: RHB Pedro Santos 0-0: Foul Ball, location: 2F
0-1: Ball
1-1: Ball
2-1: Foul Ball, location: 2F
2-2: Ball
3-2: DOUBLE (Line Drive, 89XD)
Jorge Colomo to third
Jorge Colomo scores
Batting: RHB Carlos Maldonado 0-0: Ball
1-0: Ball
2-0: SINGLE (Line Drive, 8LS)
Pedro Santos to third
Batting: LHB Mario Ramos 0-0: Fly out, F8 (Flyball, 78S)
Bottom of the 2nd over - 1 run(s), 3 hit(s), 0 error(s), 2 left on base; Buckhead 2 - Grafton 2
TOP OF THE 3RD
Buckhead Bowties batting - Pitching for Grafton Middies : RHP Wayne Hurst
Batting: LHB Armando Esparza 0-0: Called Strike
0-1: Ball
1-1: SINGLE (Groundball, 56D)
Batting: LHB Mysterious Walker 0-0: Called Strike
0-1: Ball
1-1: Ball
2-1: Swinging Strike
2-2: Foul Ball, location: 2F
2-2: Strikes out swinging
Batting: LHB Tony Martínez 0-0: Ball
1-0: Foul Ball, location: 2F
1-1: Swinging Strike
1-2: Ball
2-2: Hit by Pitch
Armando Esparza to second
Batting: LHB Qi-zhen Loong 0-0: Ball
1-0: Hit by Pitch
Armando Esparza to third
Tony Martínez to second
Batting: LHB Manuel Carmona 0-0: Fly out, F1 (Line Drive, 13)
Batting: RHB Gabriel Rodríguez 0-0: Foul Ball, location: 2F
0-1: Ball
1-1: Ball
2-1: Foul Ball, location: 2F
2-2: Foul Ball, location: 2F
2-2: Foul Ball, location: 2F
2-2: Ball
3-2: Foul Ball, location: 2F
3-2: Foul Ball, location: 2F
3-2: Foul Ball, location: 2F
3-2: Fly out, F9 (Flyball, 9S)
Top of the 3rd over - 0 run(s), 1 hit(s), 0 error(s), 3 left on base; Buckhead 2 - Grafton 2
BOTTOM OF THE 3RD
Grafton Middies batting - Pitching for Buckhead Bowties : RHP Germán Rodríguez
Batting: RHB Dave Ash 0-0: DOUBLE (Line Drive, 7)
Batting: LHB Ramón Rivera 0-0: Ground out 4-3 (Groundball, 34)
Dave Ash to third
Batting: RHB Stefano Gaddi 0-0: Called Strike
0-1: Called Strike
0-2: Ground out U3 (Groundball, 34)
Dave Ash scores
Batting: RHB Jarred Morgan 0-0: Called Strike
0-1: Ball
1-1: Ball
2-1: Ground out 6-3 (Groundball, 6)
Bottom of the 3rd over - 1 run(s), 1 hit(s), 0 error(s), 0 left on base; Buckhead 2 - Grafton 3
TOP OF THE 4TH
Buckhead Bowties batting - Pitching for Grafton Middies : RHP Wayne Hurst
Batting: RHB Albert Morales 0-0: Ground out 6-3 (Groundball, 6MD)
Batting: RHB Raúl Ruíz 0-0: Called Strike
0-1: Ball
1-1: Ball
2-1: Called Strike
2-2: Ball
3-2: Strikes out looking
Batting: RHB Dave King 0-0: Ball
1-0: Swinging Strike
1-1: SINGLE (Groundball, 2R) (infield hit)
Batting: LHB Armando Esparza 0-0: Foul Ball, location: 2F
0-1: Swinging Strike
0-2: Ball
Wild Pitch!
Dave King to second
1-2: SINGLE (Line Drive, 4MD)
Dave King to third
Batting: LHB Mysterious Walker 0-0: Swinging Strike
0-1: Foul Ball, location: 2F
0-2: Foul Ball, location: 2F
0-2: Foul Ball, location: 2F
0-2: Ball
1-2: Fly out, F7 (Flyball, 7)
Top of the 4th over - 0 run(s), 2 hit(s), 0 error(s), 2 left on base; Buckhead 2 - Grafton 3
BOTTOM OF THE 4TH
Grafton Middies batting - Pitching for Buckhead Bowties : RHP Germán Rodríguez
Pitching: LHP Ramón Torres
Batting: RHB Ramón Gómez 0-0: Ball
1-0: Ball
2-0: Called Strike
2-1: Called Strike
2-2: Strikes out looking
Batting: SHB Jorge Colomo 0-0: Called Strike
0-1: Ball
1-1: Foul Ball, location: 2F
1-2: Ground out 5-3 (Groundball, 5)
Batting: RHB Pedro Santos 0-0: Ball
1-0: Foul Ball, location: 2F
1-1: Ball
2-1: Swinging Strike
2-2: Foul Ball, location: 2F
2-2: Ball
3-2: Ground out 4-3 (Groundball, 34D)
Bottom of the 4th over - 0 run(s), 0 hit(s), 0 error(s), 0 left on base; Buckhead 2 - Grafton 3
TOP OF THE 5TH
Buckhead Bowties batting - Pitching for Grafton Middies : RHP Wayne Hurst
Batting: LHB Tony Martínez 0-0: Foul Ball, location: 2F
0-1: Called Strike
0-2: Fly out, F8 (Flyball, 8RM)
Batting: LHB Qi-zhen Loong 0-0: Ball
1-0: Ball
2-0: Ground out 4-3 (Groundball, 4S)
Batting: LHB Manuel Carmona 0-0: Ball
1-0: Ball
2-0: Swinging Strike
2-1: Fly out, F7 (Line Drive, 7)
Top of the 5th over - 0 run(s), 0 hit(s), 0 error(s), 0 left on base; Buckhead 2 - Grafton 3
BOTTOM OF THE 5TH
Grafton Middies batting - Pitching for Buckhead Bowties : LHP Ramón Torres
Batting: RHB Carlos Maldonado 0-0: Ball
1-0: Ball
2-0: Called Strike
2-1: Called Strike
2-2: Ball
3-2: Base on Balls
Batting: LHB Mario Ramos 0-0: Ball
1-0: Swinging Strike
Balk!
Carlos Maldonado to second
1-1: Swinging Strike
1-2: Strikes out swinging
Batting: RHB Dave Ash 0-0: Swinging Strike
0-1: Ball
1-1: Called Strike
1-2: Ground out 5-3 (Groundball, 56)
Batting: LHB Ramón Rivera 0-0: Ball
1-0: Called Strike
1-1: Ball
2-1: Swinging Strike
2-2: Ball
3-2: Foul Ball, location: 2F
3-2: Foul Ball, location: 2F
3-2: Base on Balls
Batting: RHB Stefano Gaddi 0-0: Called Strike
0-1: Fly out, F7 (Flyball, 78S)
Bottom of the 5th over - 0 run(s), 0 hit(s), 0 error(s), 2 left on base; Buckhead 2 - Grafton 3
TOP OF THE 6TH
Buckhead Bowties batting - Pitching for Grafton Middies : RHP Wayne Hurst
Batting: RHB Gabriel Rodríguez 0-0: Ball
1-0: Foul Ball, location: 2F
1-1: Foul Ball, location: 2F
1-2: Ball
2-2: SINGLE (Groundball, 6MS) (infield hit)
Batting: RHB Albert Morales 0-0: Ball
1-0: Ball
2-0: Called Strike
2-1: Bunted foul
2-2: Fly out, F6 (Popup, 6MD)
Batting: RHB Raúl Ruíz 0-0: Foul Ball, location: 2F
0-1: Foul Ball, location: 2F
0-2: Foul Ball, location: 2F
0-2: Strikes out looking
Batting: RHB Dave King 0-0: Called Strike
0-1: Swinging Strike
0-2: Foul Ball, location: 2F
0-2: Foul Ball, location: 2F
0-2: Ball
1-2: Strikes out swinging
Top of the 6th over - 0 run(s), 1 hit(s), 0 error(s), 1 left on base; Buckhead 2 - Grafton 3
BOTTOM OF THE 6TH
Grafton Middies batting - Pitching for Buckhead Bowties : LHP Ramón Torres
Batting: RHB Jarred Morgan 0-0: Ball
1-0: Ball
2-0: Called Strike
2-1: SINGLE (Line Drive, 4MD)
Batting: RHB Ramón Gómez 0-0: Ball
1-0: Swinging Strike
1-1: Ball
2-1: TRIPLE (Line Drive, 3L)
Jarred Morgan scores
Batting: SHB Jorge Colomo 0-0: Called Strike
0-1: Ball
1-1: Swinging Strike
1-2: Foul Ball, location: 2F
1-2: Ball
2-2: Ball
3-2: Base on Balls
Pitching: RHP Henry Yates
Batting: RHB Pedro Santos 0-0: Ground out 5-3 (Groundball, 5)
Jorge Colomo to second
Batting: RHB Carlos Maldonado 0-0: Ball
1-0: Ball
2-0: SINGLE (Line Drive, 8LS)
Ramón Gómez scores
Jorge Colomo to third
Runner from 3rd tries for Home, SAFE, throw made home
Carlos Maldonado to second
Batting: LHB Mario Ramos 0-0: SINGLE (Line Drive, 34D)
Carlos Maldonado to third
Batting: RHB Dave Ash 0-0: Ball
1-0: Called Strike
1-1: Ball
2-1: Called Strike
2-2: Foul Ball, location: 2F
2-2: Foul Ball, location: 2F
2-2: Foul Ball, location: 2F
2-2: Ball
3-2: Strikes out looking
Batting: LHB Ramón Rivera 0-0: Ball
1-0: Foul Ball, location: 2F
1-1: Foul Ball, location: 2F
1-2: Ball
2-2: Strikes out swinging
Bottom of the 6th over - 3 run(s), 4 hit(s), 0 error(s), 2 left on base; Buckhead 2 - Grafton 6
TOP OF THE 7TH
Buckhead Bowties batting - Pitching for Grafton Middies : RHP Wayne Hurst
Batting: LHB Armando Esparza 0-0: Foul Ball, location: 2F
0-1: SINGLE (Line Drive, 8RS)
Pitching: RHP Andy Perry
Batting: LHB Mysterious Walker 0-0: Called Strike
0-1: Ball
1-1: Called Strike
1-2: Ball
2-2: Fielders Choice at 2nd, 1-6 (Groundball, P)
Batting: LHB Tony Martínez 0-0: Ball
1-0: SINGLE (Line Drive, 9S)
Mysterious Walker to second
Runner from 2nd tries for 3rd, SAFE, throw made to third
Batting: LHB Qi-zhen Loong 0-0: Swinging Strike
Pickoff Throw to First - Out!
0-1: Swinging Strike
0-2: Ball
1-2: Ball
2-2: Strikes out swinging
Top of the 7th over - 0 run(s), 2 hit(s), 0 error(s), 1 left on base; Buckhead 2 - Grafton 6
BOTTOM OF THE 7TH
Grafton Middies batting - Pitching for Buckhead Bowties : RHP Henry Yates
Batting: RHB Stefano Gaddi 0-0: Ball
1-0: Ground out 6-3 (Groundball, 6)
Batting: RHB Jarred Morgan 0-0: Called Strike
0-1: Called Strike
0-2: Ball
1-2: Foul Ball, location: 2F
1-2: SINGLE (Line Drive, 8LS)
Batting: RHB Ramón Gómez 0-0: Foul Ball, location: 2F
0-1: Ball
1-1: Foul Ball, location: 2F
1-2: Foul Ball, location: 2F
1-2: Fly out, F8 (Flyball, 8LXD)
Batting: SHB Jorge Colomo 0-0: Ball
1-0: Called Strike
1-1: Called Strike
Jarred Morgan steals 2nd base
1-2: Foul Ball, location: 2F
1-2: Ball
2-2: Ball
3-2: Strikes out looking
Bottom of the 7th over - 0 run(s), 1 hit(s), 0 error(s), 1 left on base; Buckhead 2 - Grafton 6
TOP OF THE 8TH
Buckhead Bowties batting - Pitching for Grafton Middies : RHP Andy Perry
Batting: LHB Manuel Carmona 0-0: SINGLE (Line Drive, 78S)
Batting: RHB Gabriel Rodríguez 0-0: Ball
1-0: Ball
2-0: Ball
3-0: Base on Balls
Manuel Carmona to second
Pitching: RHP Truman Valentine
Batting: RHB Albert Morales 0-0: Ball
1-0: Swinging Strike
1-1: Ball
2-1: Foul Ball, location: 2F
2-2: Ball
3-2: Base on Balls
Manuel Carmona to third
Gabriel Rodríguez to second
Batting: RHB Raúl Ruíz 0-0: Called Strike
0-1: Ball
1-1: Called Strike
1-2: Foul Ball, location: 2F
1-2: Ball
2-2: Ball
3-2: SINGLE (Groundball, 6MD)
Manuel Carmona scores
Gabriel Rodríguez to third
Albert Morales to second
Batting: RHB Dave King 0-0: Ball
1-0: Fly out, F9 (Flyball, 9)
Batting: LHB Armando Esparza 0-0: Ball
1-0: Ball
2-0: Swinging Strike
2-1: Foul Ball, location: 2F
2-2: Foul Ball, location: 2F
2-2: Ball
3-2: Fly out, F8 (Line Drive, 8RD)
Runner from 3rd tags up, SCORES, no throw
Albert Morales to third
Batting: LHB Mysterious Walker 0-0: Called Strike
0-1: Ball
1-1: Fielders Choice at 2nd, 4-6 (Groundball, 34)
Top of the 8th over - 2 run(s), 2 hit(s), 0 error(s), 1 left on base; Buckhead 4 - Grafton 6
BOTTOM OF THE 8TH
Grafton Middies batting - Pitching for Buckhead Bowties : RHP Henry Yates
Batting: RHB Pedro Santos 0-0: Fly out, F3 (Line Drive, 34)
Batting: RHB Carlos Maldonado 0-0: Called Strike
0-1: Fly out, F6 (Popup, 6)
Batting: LHB Mario Ramos 0-0: Ball
1-0: Ball
2-0: Called Strike
2-1: Ball
3-1: Base on Balls
Batting: RHB Dave Ash 0-0: Ball
1-0: Foul Ball, location: 2F
1-1: SINGLE (Groundball, 6MD)
Mario Ramos to second
Batting: LHB Ramón Rivera 0-0: Ball
1-0: Foul Ball, location: 2F
1-1: Ball
2-1: Fly out, F8 (Flyball, 8RM)
Bottom of the 8th over - 0 run(s), 1 hit(s), 0 error(s), 2 left on base; Buckhead 4 - Grafton 6
TOP OF THE 9TH
Buckhead Bowties batting - Pitching for Grafton Middies : RHP Truman Valentine
Pitching: RHP Lynwood Matos
Batting: LHB Tony Martínez 0-0: Ball
1-0: Called Strike
1-1: Fly out, F8 (Flyball, 8RS)
Batting: LHB Qi-zhen Loong 0-0: Foul Ball, location: 2F
0-1: Ball
1-1: Swinging Strike
1-2: Strikes out swinging
Batting: LHB Manuel Carmona 0-0: Ball
1-0: Fly out, F9 (Flyball, 9S)
Top of the 9th over - 0 run(s), 0 hit(s), 0 error(s), 0 left on base; Buckhead 4 - Grafton 6
Monday, March 20th, 2017 - OOTP Baseball 17.12 Build 75